 Dungeon Crawl Stone Soup version 0.27-a0-1202-ge72e49191c (webtiles) character file.

Game seed: 12173840341784660546

1647 bande the Chopper (level 9, -8/54 HPs)
             Began as a Gargoyle Fighter on June 3, 2021.
             Was an Elder of Okawaru.
             Splashed by Ijyb's acid (12 damage)
             ... on level 5 of the Dungeon on June 4, 2021.
             The game lasted 00:10:11 (6299 turns).

bande the Chopper (Gargoyle Fighter)                Turns: 6299, Time: 00:10:12

Health: -8/54      AC:  9    Str: 23    XL:     9   Next: 0%
Magic:  12/12      EV:  8    Int:  8    God:    Okawaru [****..]
Gold:   295        SH: 10    Dex: 10    Spells: 8/8 levels left

rFire    . . .     SeeInvis .   a - +0 war axe
rCold    . . .     Faith    +   c - +0 kite shield
rNeg     + . .     Spirit   .   b - +0 scale mail
rPois    ∞         Reflect  .   (no helmet)
rElec    +         Harm     .   (no cloak)
rCorr    .         Rampage  .   (no gloves)
Will     .....                  (no boots)
Stlth    ..........             l - amulet of faith
HPRegen  0.18/turn              (no ring)
MPRegen  0.13/turn              (no ring)

@: corroded
A: sickness immunity, AC +6, negative energy resistance 1, electricity
resistance, torment resistance 1, petrification resistance
a: Renounce Religion, Heroism


You were on level 5 of the Dungeon.
You worshipped Okawaru.
Okawaru was greatly pleased with you.
You visited 1 branch of the dungeon, and saw 6 of its levels.

You collected 295 gold pieces.

Inventory:

Hand Weapons
 a - a +0 war axe (weapon)
 e - a +2 vorpal flail
Armour
 b - a +0 scale mail (worn)
 c - a +0 kite shield (worn)
Jewellery
 d - a ring of fire
 f - an amulet of guardian spirit
 i - an amulet of reflection
 l - an amulet of faith (around neck)
Wands
 m - a wand of iceblast (7)
 n - a wand of flame (18)
Scrolls
 g - a scroll of amnesia
 h - a scroll of identify
 k - 2 scrolls of fog


   Skills:
 + Level 5.2 Fighting
 + Level 6.4 Axes
 + Level 5.4 Armour
 - Level 1.3 Dodging
 + Level 5.4 Shields
 * Level 4.3 Invocations
 * Level 2.1 Evocations


You had 8 spell levels left.
You didn't know any spells.
Your spell library contained the following spells:

 Spells                   Type           Power      Damage    Failure   Level
 Summon Small Mammal      Summ           0%         N/A       98%         1
 Call Imp                 Summ           0%         N/A       99%         2
 Call Canine Familiar     Summ           0%         N/A       100%        3
 Confusing Touch          Hex            0%         N/A       100%        3
 Gell's Gravitas          Tloc           0%         N/A       100%        3
 Summon Guardian Golem    Hex/Summ       0%         N/A       100%        3
 Petrify                  Tmut/Erth      0%         N/A       100%        4
 Summon Ice Beast         Ice/Summ       0%         N/A       100%        4
 Summon Lightning Spire   Summ/Air       0%         N/A       100%        4
 Metabolic Englaciation   Hex/Ice        0%         N/A       100%        5
 Yara's Violent Unravell  Hex/Tmut       0%         3d3       100%        5


Dungeon Overview and Level Annotations

Branches:
Dungeon (6/15)             Temple (0/1) D:4

Altars:
Ashenzari
Dithmenos
Okawaru
Uskayaw
Vehumet
Yredelemnul

Annotations:
D:5 Ijyb


Innate Abilities, Weirdness & Mutations

You are immune to sickness and miasma.
Your stone body is resilient. (AC +6)
You are immune to poison.
You resist negative energy. (rN+)
You are resistant to electric shocks. (rElec)
You are resistant to unholy torment.
You are immune to petrification.


Message History

The adder is heavily wounded.
You block the adder's attack. x2
You closely miss the adder.
The adder is heavily wounded.
You block the adder's attack. x2
You miss the adder.
The adder is heavily wounded.
The adder closely misses you.
You miss the adder.
The adder is heavily wounded.
The adder bites you. x2
You slash the adder!
You kill the adder!
Okawaru accepts your kill.
You have reached level 9!
Your experience leads to an increase in your attributes!
Increase (S)trength, (I)ntelligence, or (D)exterity?
You feel stronger.
You start resting.
HP restored.
You climb upwards.
Level annotation: Ijyb
There is a stone staircase leading down here.
Ijyb zaps a wand.
The bolt of acid hits you! The acid corrodes you!
You are splashed with acid!
Found a stone staircase leading up.
You are too injured to fight recklessly!
You are too injured to fight recklessly!
You are too injured to fight recklessly!
You are too injured to fight recklessly!
You are too injured to fight recklessly!
You are too injured to fight recklessly!
You are too injured to fight recklessly!
You are too injured to fight recklessly!
You are too injured to fight recklessly!
You are too injured to fight recklessly!
You hit Ijyb but do no damage.
Ijyb zaps a wand.
The bolt of acid hits you!!
* * * LOW HITPOINT WARNING * * *
You are splashed with acid!
You die...

#.....<.# #.
#.......# #.
#.......#
#.##.......#
#..........#
..........#
#.g......#
#.@......#
#........#
#>.......#
#....#+######
#....# ####.#
..# ###


You could see Ijyb.

Vanquished Creatures
  Grinder (D:6)
  Sigmund (D:4)
  A black bear (D:4)
  2 ice beasts
  3 sky beasts
  An ogre (D:4)
  The ghost of TacoSundae the Insei, an amateur DjTm (D:3)
  A bullfrog (D:4)
  A wyvern zombie (D:3)
  A centaur zombie (D:4)
  3 hounds
  A centaur skeleton (D:6)
  An iguana (D:4)
  An orc wizard (D:6)
  A scorpion zombie (D:3)
  A hound zombie (D:3)
  2 hound skeletons (D:3)
  7 gnolls
  4 adders
  5 adder zombies (D:3)
  An adder skeleton (D:3)
  A worm (D:2)
  2 dart slugs
  9 orcs
  3 ball pythons
  5 endoplasms
  4 giant cockroaches
  8 goblins
  8 hobgoblins
  10 jackals
  2 quokkas
  A ball python zombie (D:3)
  6 bats
  5 frilled lizards
  A jackal zombie (D:3)
  6 kobolds
  4 rats
115 creatures vanquished.

Notes
Turn   | Place    | Note
-------+----------+-------------------------------------------
     0 | D:1      | bande the Gargoyle Fighter began the quest for the Orb.
     0 | D:1      | Reached XP level 1. HP: 14/14 MP: 1/1
   611 | D:1      | Reached skill level 2 in Axes
   617 | D:1      | Reached XP level 2. HP: 19/19 MP: 2/2
  1247 | D:2      | Reached XP level 3. HP: 21/23 MP: 3/3
  1423 | D:2      | Found an iron altar of Okawaru.
  1452 | D:2      | Became a worshipper of Warmaster Okawaru
  1752 | D:1      | Reached XP level 4. HP: 14/28 MP: 4/4
  1994 | D:2      | Found a faded altar of an unknown god.
  2397 | D:3      | Reached skill level 3 in Axes
  2437 | D:3      | Reached XP level 5. HP: 7/33 MP: 5/5
  2798 | D:3      | Found a radiant altar of Vehumet.
  2880 | D:3      | Found a runed translucent gate.
  2880 | D:3      | Found a runed translucent gate.
  2880 | D:3      | Found a runed translucent gate.
  2880 | D:3      | Noticed TacoSundae's ghost (amateur DjTm)
  2883 | D:3      | Found a basalt altar of Yredelemnul.
  3107 | D:3      | Reached skill level 1 in Dodging
  3110 | D:3      | Reached * piety under Okawaru
  3141 | D:3      | Reached skill level 1 in Invocations
  3141 | D:3      | Reached XP level 6. HP: 25/38 MP: 6/6
  3543 | D:3      | Killed TacoSundae's ghost
  3544 | D:3      | Reached skill level 4 in Axes
  3648 | D:4      | Noticed Sigmund
  3669 | D:4      | Killed Sigmund
  3669 | D:4      | Reached ** piety under Okawaru
  3670 | D:4      | Reached XP level 7. HP: 28/43 MP: 8/8
  3948 | D:4      | Reached skill level 5 in Axes
  4221 | D:4      | Found a hide-covered altar of Uskayaw.
  4500 | D:4      | Found a shadowy altar of Dithmenos.
  4612 | D:4      | Found a broken altar of Ashenzari.
  4627 | D:4      | Reached XP level 8. HP: 39/48 MP: 10/10
  4772 | D:4      | Found a staircase to the Ecumenical Temple.
  5115 | D:5      | Entered Level 5 of the Dungeon
  5284 | D:5      | Reached skill level 5 in Shields
  5444 | D:5      | Reached *** piety under Okawaru
  5445 | D:5      | Reached skill level 1 in Evocations
  5587 | D:6      | Noticed Grinder
  5601 | D:6      | Killed Grinder
  5602 | D:6      | Reached skill level 6 in Axes
  5602 | D:6      | Reached skill level 5 in Armour
  5868 | D:6      | Reached skill level 5 in Fighting
  5950 | D:6      | Reached **** piety under Okawaru
  6162 | D:5      | Noticed Ijyb
  6272 | D:6      | Reached XP level 9. HP: 49/54 MP: 12/12
  6299 | D:5      | Splashed by Ijyb's acid

Illustrated notes

Levels and vault maps discovered:
D:1:      psy_arrival_fountain, layout_loops_ring, st_stairs_9
D:2:      layout_rooms, hellmonk_ecumenical_altar_blasted, basic_altar
D:3:      layout_loops_ring, nicolae_yredelemnul_ghost_church,
          lemuel_round_altar, serial_undead, serial_undead_d, serial_undead_d,
          serial_undead_c, serial_undead_c, serial_undead_d, serial_undead_a,
          minmay_goblin_outpost
D:4:      layout_loops_ring, nicolae_uskayaw_murder_on_the_dancefloor,
          amcnicky_altar_gilded, cheibrodos_ashenzari_chains, temple_hall_moat,
          uniq_sigmund
D:5:      layout_basic, amethyst_overflow_temple_binary, uniq_edmund,
          uniq_crazy_yiuf_cottage, uniq_ijyb
D:6:      layout_gridville, uniq_grinder

Skill      XL: |  1  2  3  4  5  6  7  8 |
---------------+-------------------------+-----
Axes           | 2 3 4 5 6 |  6.4
Shields        | 4 5 |  5.4
Armour         | 4 5 |  5.4
Dodging        | 1 |  1.3
Invocations    | 1 2 3 4 |  4.3
Fighting       | 4 5 |  5.2
Evocations     | 2 |  2.1

Action                   |  1- 3 |  4- 6 |  7- 9 || total
-------------------------+-------+-------+-------++-------
Melee: War axe           |   114 |   195 |   174 ||   483
  Use: Scroll            |     4 |       |     5 ||     9
       Potion            |       |     4 |     1 ||     5
Armor: Scale mail        |    68 |   131 |   111 ||   310
Dodge: Dodged            |    49 |    60 |    54 ||   163
Block: Kite shield       |    71 |   113 |   107 ||   291

Table legend: (Time is in decaauts)
 A = Elapsed time spent in this place.
 B = Non-inter-level travel time spent in this place.
 C = Inter-level travel time spent in this place.
 D = Time resting spent in this place.
 E = Time spent auto-exploring this place.
 F = Levels seen in this place.
 G = Mean time per level.
                   A        B        C        D        E       F      G
               +--------+--------+--------+--------+--------+-----+--------+
         Total |   6556 |   6497 |     59 |   1830 |   3348 |   6 | 1092.7 |
       Dungeon |   6556 |   6497 |     59 |   1830 |   3348 |   6 | 1092.7 |
               +--------+--------+--------+--------+--------+-----+--------+

Top non-repeatable levels by time:
     D:3: 1598 daAuts
     D:1: 1576 daAuts
     D:4: 1384 daAuts
     D:6: 843 daAuts
     D:2: 769 daAuts
     D:5: 384 daAuts
